 Dungeon Crawl Stone Soup version 0.28-a0-938-gbc3f381ebc (webtiles) character file.

Game seed: 15144136052891388798

0 BinkBink the Ducker (level 1, -2/11 HPs)
             Began as a Spriggan Abyssal Knight on Nov 28, 2021.
             Was an Initiate of Lugonu.
             Slain by a kobold (6 damage)
             ... on level 1 of the Dungeon.
             The game lasted 00:01:55 (265 turns).

BinkBink the Ducker (Spriggan Abyssal Knight)        Turns: 265, Time: 00:01:56

Health: -2/11      AC:  1    Str:  9    XL:     1   Next: 8%
Magic:  3/3        EV: 17    Int:  7    God:    Lugonu [......]
Gold:   13         SH:  0    Dex: 15    Spells: 0/0 levels left

rFire   . . .      SeeInvis +   a - +1 short sword
rCold   . . .      Faith    .   (shield restricted)
rNeg    . . .      Spirit   .   b - +0 robe
rPois   .          Reflect  .   (helmet restricted)
rElec   .          Harm     .   (no cloak)
rCorr   .          Rampage  .   (gloves unavailable)
Will    .....                   (boots unavailable)
Stlth   +.........              (no amulet)
HPRegen 0.03/turn               (no ring)
MPRegen 0.08/turn               (no ring)

@: very quick
A: very small, no large weapons, unfitting armour, see invisible, speed 3,
[deformed body], [dopey 2]
a: Renounce Religion


You were on level 1 of the Dungeon.
You worshipped Lugonu.
Lugonu was noncommittal.
You visited 1 branch of the dungeon, and saw 1 of its levels.
You visited the Abyss 1 time.

You collected 13 gold pieces.

Inventory:

Hand Weapons
 a - a +1 short sword (weapon)
Armour
 b - a +0 robe (worn)
Potions
 c - a potion of flight {unknown}


   Skills:
 + Level 2.4 Fighting
 + Level 2.1 Short Blades
 + Level 3.2 Dodging
 + Level 1.7 Invocations


You couldn't memorise any spells.
You didn't know any spells.
Your spell library was empty.

Dungeon Overview and Level Annotations

Branches:
Dungeon (1/15)

Altars:


Innate Abilities, Weirdness & Mutations

You are very small and have problems with some larger weapons.
You are too small for most types of armour.
You have supernaturally acute eyesight. (SInv)
You cover ground extremely quickly. (Speed+++)
[Armour fits poorly on your strangely shaped body.]
[You are very dopey. (Int -4)]


Message History

You open the door.
There is an open door here.
c - a red potion As you open the door, it creaks loudly!
A rat comes into view.
You hear a shout!
The rat moves out of view.
Found a hand axe.
Found 8 arrows.
The rat misses you.
There is an open door here.
You hit the rat but do no damage. The rat closely misses you.
You barely miss the rat. The rat barely misses you.
You barely miss the rat. The rat closely misses you.
You barely miss the rat. The rat misses you.
You hit the rat but do no damage. The rat completely misses you.
You barely miss the rat. The rat bites you.
A kobold comes into view. It is wielding a +0 whip.
You hit the rat.
You kill the rat!
Lugonu accepts your kill.
A kobold and a dart slug come into view.
The kobold is wielding a +2 whip of flaming.
Found a leather armour.
The kobold shouts!
The kobold hits you with a +0 whip.
You barely miss the kobold. The kobold misses you.
You closely miss the kobold. The kobold barely misses you.
You hit the kobold.
The kobold is heavily wounded.
The kobold closely misses you.
You barely miss the kobold.
The kobold is heavily wounded.
The kobold misses you.
The kobold throws a stone.
The stone hits you.
There is an open door here.
The kobold throws a stone.
The stone hits you.
The kobold hits you with a +2 whip of flaming.
Ouch! That really hurt!
You die...

... # #.# #.#.# # #.#.#
##.#..w#+##
...........#
..........(#
.......)KK.#
#########@####
#.......# #.#####.# #.
#.## .. #..# ### ##.#
#.#
###########'###########
#........'8.8+........#


You could see a dart slug and 2 kobolds.

Vanquished Creatures
  A rat (D:1)
1 creature vanquished.

Notes
Turn   | Place    | Note
-------+----------+-------------------------------------------
     0 | Abyss:1  | BinkBink the Spriggan Abyssal Knight began the quest for
                  | the Orb.
     0 | Abyss:1  | Reached XP level 1. HP: 11/11 MP: 3/3
    40 | Abyss:1  | Noticed a neqoxec
    52 | Abyss:1  | Noticed a large abomination
    63 | Abyss:1  | Noticed a wretched star
    73 | Abyss:1  | Noticed a rust devil
    87 | Abyss:1  | Noticed a crimson imp
   101 | Abyss:1  | Noticed a small abomination
   104 | Abyss:1  | Noticed a large abomination
   118 | Abyss:1  | Noticed a small abomination
   136 | Abyss:1  | Noticed a large abomination
   145 | Abyss:1  | Noticed a small abomination
   156 | Abyss:1  | Noticed a ynoxinul
   161 | Abyss:1  | Noticed a quasit
   177 | Abyss:1  | Noticed a thrashing horror
   181 | D:1      | Escaped the Abyss
   265 | D:1      | Slain by a kobold

Illustrated notes

Levels and vault maps discovered:
D:1:      giann_wishing_wells, layout_basic

Action                   || total
-------------------------++-------
Melee: Short sword       ||    11
Invok: Depart the Abyss  ||     1
  Use: Scroll            ||     1
Dodge: Dodged            ||    10

Table legend: (Time is in decaauts)
 A = Elapsed time spent in this place.
 B = Non-inter-level travel time spent in this place.
 C = Inter-level travel time spent in this place.
 D = Time resting spent in this place.
 E = Time spent auto-exploring this place.
 F = Levels seen in this place.
 G = Mean time per level.
                   A        B        C        D        E       F      G
               +--------+--------+--------+--------+--------+-----+--------+
         Total |    175 |    175 |      0 |      0 |     64 |   2 |   87.5 |
       Dungeon |     64 |     64 |      0 |      0 |     40 |   1 |   64.0 |
         Abyss |    110 |    110 |      0 |      0 |     24 |   1 |  110.0 |
               +--------+--------+--------+--------+--------+-----+--------+

Top non-repeatable levels by time:
 Abyss:1: 110 daAuts
     D:1: 64 daAuts
